 Dungeon Crawl Stone Soup version 0.32-a0-576-g706899e69d (webtiles) character file.

Game seed: 7639594803379108445

119 DrKenneth the Trooper (level 4, 0/41 HPs)
             Began as a Minotaur Fighter on Mar 2, 2024.
             Slain by a water moccasin (7 damage)
             ... on level 4 of the Dungeon.
             The game lasted 00:05:11 (1762 turns).

DrKenneth the Trooper (Minotaur Fighter)            Turns: 1762, Time: 00:05:12

Health: 0/41       AC:  7    Str: 22    XL:     4   Next: 73%
Magic:  3/3        EV:  9    Int:  5    God:
Gold:   195        SH:  4    Dex: 10    Spells: 3/3 levels left

rFire   . . .        a - +0 war axe
rCold   . . .        c - +0 buckler
rNeg    . . .        b - +0 scale mail
rPois   .            (helmet restricted)
rElec   .            (no cloak)
rCorr   .            (no gloves)
SInv    .            (no boots)
Will    .....        (no amulet) Stlth
                     (no ring)
HPRegen 0.26/turn    (no ring)
MPRegen 0.08/turn

%: no passive effects
@: lethally poisoned (0 -> -15)
A: horns 2, retaliatory headbutt
a: no special abilities


You were on level 4 of the Dungeon.
You visited 1 branch of the dungeon, and saw 4 of its levels.

You collected 195 gold pieces.

Inventory:

Hand Weapons
 a - a +0 war axe (weapon)
Armour
 b - a +0 scale mail (worn)
 c - a +0 buckler (worn)
 h - a +0 pair of boots
Jewellery
 l - a ring of resist corrosion
 m - a ring of protection from fire
Scrolls
 e - 3 scrolls of teleportation {unknown}
 f - 4 scrolls of brand weapon {unknown}
 g - 2 scrolls of fog {unknown}
 i - 2 scrolls of identify {unknown}
 j - a scroll of enchant armour {unknown}
 o - a scroll of noise {unknown}
Potions
 d - a potion of might
 k - a potion of curing {unknown}
 n - a potion of enlightenment {unknown}
 p - a potion of attraction {unknown}
 q - a potion of brilliance {unknown}
 r - 2 potions of haste {unknown}


   Skills:
 + Level 4.6 Fighting
 + Level 3.6 Axes
 + Level 4.5 Armour
 + Level 4.5 Shields


You had 3 spell levels left.
You didn't know any spells.
Your spell library contained the following spells:

 Spells                   Type           Power      Damage    Failure   Level
 Shock                    Conj/Air       0%         1d3       86%         1
 Swiftness                Air            0%         N/A       99%         3
 Airstrike                Air            0%         2d(0-16)  100%        4
 Passage of Golubria      Tloc           0%         N/A       100%        4
 Vhi's Electric Charge    Tloc/Air       0%         N/A       100%        4
 Arcjolt                  Conj/Air       0%         1d10      100%        5
 Silence                  Hex/Air        0%         N/A       100%        5
 Lehudib's Crystal Spear  Conj/Erth      0%         10d2      100%        8
 Maxwell's Capacitive Co  Air            0%         ∞         100%        8


Dungeon Overview and Level Annotations

Branches:
Dungeon (4/15)
 Temple: D:4-7

Altars:

Shops:
D:3 :   D:4 =


Innate Abilities, Weirdness & Mutations

You have a pair of horns on your head.
You reflexively headbutt those who attack you in melee.


Message History

The water moccasin is lightly wounded.
The water moccasin misses you. You furiously retaliate!
You headbutt the water moccasin! The water moccasin barely misses you.
You closely miss the water moccasin.
The water moccasin is moderately wounded.
The water moccasin bites you but does no damage.
The water moccasin closely misses you.
You hit the water moccasin.
The water moccasin is moderately wounded.
The water moccasin closely misses you. You furiously retaliate!
You headbutt the water moccasin!
The water moccasin bites you but does no damage.
You closely miss the water moccasin.
The water moccasin is heavily wounded.
The water moccasin barely misses you. The water moccasin bites you.
You are poisoned.
The water moccasin poisons you!
You miss the water moccasin.
The water moccasin is heavily wounded.
You feel very sick. The water moccasin bites you. x2
You closely miss the water moccasin.
The water moccasin is heavily wounded.
You feel very sick. The water moccasin barely misses you.
You block the water moccasin's attack.
You are too injured to fight recklessly!
You completely miss the water moccasin.
Your headbutt misses the water moccasin.
The water moccasin is heavily wounded.
You feel very sick. The water moccasin bites you.
* * * LOW HITPOINT WARNING * * *
You are lethally poisoned!
The water moccasin poisons you!
You closely miss the water moccasin.
The water moccasin is heavily wounded.
* * * LOW HITPOINT WARNING * * *
You feel very sick. The water moccasin bites you!
You die...

### #.# #.###
#...#
###########.#.#
#....S@.......#
#.#########.###
#. ..# #.# .#
#.# #.# . #.#
#.# ###)#.# #[#
..#.#.#.###.#
............#
.#.#.#.###.#


You could see a water moccasin.

Vanquished Creatures
  A howler monkey (D:4)
  A hound (D:4)
  An adder (D:3)
  2 ribbon worms (D:2)
  4 orcs (D:3)
  4 endoplasms
  2 giant cockroaches
  2 goblins
  2 jackals (D:3)
  2 kobolds
  5 ball pythons
  3 bats
  A frilled lizard (D:1)
30 creatures vanquished.

Notes
Turn   | Place    | Note
-------+----------+-------------------------------------------
     0 | D:1      | DrKenneth the Minotaur Fighter began the quest for the Orb.
     0 | D:1      | Reached XP level 1. HP: 19/19 MP: 0/0
    31 | D:1      | Found a faded altar of an unknown god.
   724 | D:2      | Reached XP level 2. HP: 27/27 MP: 1/1
  1159 | D:3      | Noticed a walking crystal tome
  1160 | D:3      | Found Ijiafacray's Book Emporium.
  1160 | D:3      | Noticed a walking crystal tome
  1169 | D:3      | Reached XP level 3. HP: 33/33 MP: 2/2
  1644 | D:4      | Found Baheddac's Jewellery Shop.
  1656 | D:4      | Reached XP level 4. HP: 33/41 MP: 3/3
  1749 | D:4      | Noticed a water moccasin
  1762 | D:4      | Slain by a water moccasin

Illustrated notes

Levels and vault maps discovered:
D:1:      zaba_arrival_water, layout_basic, ebering_ecumenical_altar_rust,
          kennysheep_flooded_box, minmay_misc_feat_secret_circle
D:2:      layout_basic, kennysheep_generic_room_4
D:3:      layout_rooms, serial_shops, nicolae_shop_mannequins
D:4:      layout_basic, serial_shops, shop, shop, kennysheep_little_box, shop,
          nicolae_shop_just_a_little_nook

Skill      XL: |  1  2 |
---------------+-------+-----
Fighting       | 4 |  4.6
Shields        | 4 |  4.5
Axes           | 3 |  3.6
Armour         | 4 |  4.5

Action                     |  1- 3 |  4- 6 || total
---------------------------+-------+-------++-------
  Melee: War axe           |    68 |    15 ||    83
         Headbutt          |    10 |     2 ||    12
 Armour: Scale mail        |    47 |    13 ||    60
  Dodge: Dodged            |    31 |    10 ||    41
  Block: Buckler           |    16 |     3 ||    19

Table legend: (Time is in decaauts)
 A = Elapsed time spent in this place.
 B = Non-inter-level travel time spent in this place.
 C = Inter-level travel time spent in this place.
 D = Time resting spent in this place.
 E = Time spent auto-exploring this place.
 F = Levels seen in this place.
 G = Mean time per level.
                   A        B        C        D        E       F      G
               +--------+--------+--------+--------+--------+-----+--------+
         Total |   1798 |   1573 |    225 |      0 |   1290 |   4 |  449.5 |
       Dungeon |   1798 |   1573 |    225 |      0 |   1290 |   4 |  449.5 |
               +--------+--------+--------+--------+--------+-----+--------+

Top non-repeatable levels by time:
     D:1: 639 daAuts
     D:3: 533 daAuts
     D:2: 488 daAuts
     D:4: 137 daAuts
